 Dungeon Crawl Stone Soup version 0.20.1-1-g8b1a95d (webtiles) character file.

2643 Folque the Destroyer (level 9, -17/54 HPs)
             Began as an Octopode Wizard on Nov 11, 2017.
             Was a Believer of Sif Muna.
             Demolished by a two-headed ogre
             ... wielding a +0 giant club
              (18 damage)
             ... on level 8 of the Dungeon.
             The game lasted 00:29:31 (6500 turns).

Folque the Destroyer (Octopode Wizard)              Turns: 6500, Time: 00:29:33

Health: -17/54     AC:  2    Str: 11    XL:     9   Next: 62%
Magic:  16/19      EV: 13    Int: 23    God:    Sif Muna [**....]
Gold:   354        SH:  0    Dex: 10    Spells: 14/22 levels left

rFire    . . .     SeeInvis .   K - +1 flail (crush)
rCold    . . .     Gourm    .   (no shield)
rNeg     . . .     Faith    .   a - +1 hat
rPois    .         Spirit   .   g - amulet of regeneration
rElec    .         Reflect  .   F - +4 ring of strength
rCorr    .         Harm     .   (no ring)
MR       .....                  (no ring)
Stlth    +++.......             (no ring)
Regen    0.6/turn               (no ring)
MPRegen  0.2/turn               (no ring)
                                (no ring)
                                (no ring)

@: very slightly contaminated, divine energy
A: almost no armour, stealthy swim, amphibious, 8 rings, constrict 8, camouflage
1, gelatinous body 1
a: Stop Divine Energy, Renounce Religion


You were on level 8 of the Dungeon.
You worshipped Sif Muna.
Sif Muna was pleased with you.
You were not hungry.

You visited 2 branches of the dungeon, and saw 9 of its levels.

You collected 435 gold pieces.
You spent 81 gold pieces at shops.

Inventory:

Hand Weapons
 e - a +0 whip
 q - a +1 dagger of venom
 s - a +0 quarterstaff
 K - a +1 flail of crushing (weapon)
Missiles
 f - 2 needles of paralysis
 j - 16 poisoned needles
 I - 2 throwing nets (quivered)
Armour
 a - a +1 hat (worn)
Jewellery
 g - an amulet of regeneration (around mantle)
 h - an uncursed ring of ice
 F - a +4 ring of strength (left tentacle)
Wands
 y - a wand of iceblast (15/15)
 H - a wand of digging (12/24)
Scrolls
 i - 2 scrolls of identify
 l - a scroll of immolation
 o - 3 scrolls of remove curse
 p - 2 scrolls of fear
 r - a scroll of fog {unknown}
 u - 5 scrolls of teleportation
 v - a scroll of blinking
 C - 2 scrolls of random uselessness {unknown}
 E - a scroll of enchant armour
 G - a scroll of enchant weapon {unknown}
 J - a scroll of amnesia {unknown}
 M - a scroll of noise {unknown}
 N - a scroll of torment {unknown}
Potions
 d - 2 potions of flight {unknown}
 k - 2 potions of curing
 n - a potion of haste {unknown}
 t - 4 potions of brilliance {unknown}
 x - 2 potions of lignification {unknown}
 A - 2 potions of agility {unknown}
 B - 2 potions of mutation {unknown}
 D - a potion of berserk rage {unknown}
Books
 b - a book of Minor Magic

   Spells                             Type                      Level
   a - Magic Dart                     Conjuration                  1
   b - Blink                          Translocation                2
   c - Call Imp                       Summoning                    2
   d - Slow                           Hexes                        2
   e - Conjure Flame                  Conjuration/Fire             3
   f - Mephitic Cloud                 Conjuration/Poison/Air       3
Comestibles
 c - 8 bread rations
 m - 9 fruits
 w - a royal jelly
 z - 5 meat rations
 L - 6 chunks of flesh


   Skills:
 - Level 2.0 Fighting
 - Level 2.0 Dodging
 - Level 2.6 Stealth
 + Level 7.2 Spellcasting
 * Level 9.8 Conjurations
 - Level 1.0 Summonings
 - Level 1.0 Translocations
 - Level 3.6 Poison Magic


You had 14 spell levels left.
You knew the following spells:

 Your Spells              Type           Power        Failure   Level  Hunger
a - Magic Dart            Conj           ####         1%          1    None
b - Call Imp              Summ           ##......     8%          2    None
c - Blink                 Tloc           N/A          8%          2    None
d - Mephitic Cloud        Conj/Pois/Air  ####....     3%          3    None


Dungeon Overview and Level Annotations

Branches:
Dungeon (8/15)             Temple (1/1) D:5
   Lair: D:8-11

Altars:
Ashenzari
Cheibriados
Elyvilon
Fedhas
Gozag
Hepliaklqana
Kikubaaqudgha
Makhleb
Nemelex Xobeh
Okawaru
Qazlal
Ru
Sif Muna
Trog
Uskayaw
Vehumet
Xom
Yredelemnul
Zin
The Shining One

Shops:
D:5 ?*:}?


Innate Abilities, Weirdness & Mutations

You cannot wear most types of armour.
You are very stealthy in the water. (Stealth+)
You are amphibious.
You can wear up to eight rings at the same time.
You can use your tentacles to constrict eight enemies at once.
Your skin changes colour to match your surroundings (Stealth+).
Your rubbery body absorbs attacks. (AC +1, EV +1)


Message History

You hit the two-headed ogre.
The two-headed ogre is heavily wounded.
You hit the two-headed ogre.
The two-headed ogre is severely wounded.
The two-headed ogre covers its eyes.
The two-headed ogre closely misses you. x2
You strike the helpless two-headed ogre from behind!
You hit the two-headed ogre.
The two-headed ogre is severely wounded.
The two-headed ogre seems less confused.
The two-headed ogre hits you with a giant club!
The two-headed ogre hits you with a giant spiked club!!
* * * LOW HITPOINT WARNING * * *
Casting: Mephitic Cloud
Confirm with . or Enter, or press ? or * to list all spells.
You miscast Blink.
You are very lightly contaminated with residual magic.
Strange energies run through your body.
The two-headed ogre hits you with a giant club!!
You die...

#########
#......O#
#.....@.#
#.......#
#.......#
#.......#
#....>.##
#......#
#......#
#......#
#......#


You could see a two-headed ogre.

Vanquished Creatures
  Psyche (D:8)
  2 hippogriffs (D:7)
  A water moccasin (D:6)
  A sky beast (D:6)
  An orc warrior (D:7)
  2 ogres
  Blork the orc (D:5)
  3 bullfrogs (D:7)
  A water moccasin zombie (D:7)
  5 scorpions
  A howler monkey (D:6)
  A centaur zombie (D:7)
  6 crimson imps
  3 hounds
  A jelly (D:6)
  A gnoll shaman (D:7)
  2 iguanas
  6 orc wizards
  A worker ant (D:5)
  10 gnolls (D:7)
  5 adders
  2 shadow imps
  3 oozes
  An adder zombie (D:1)
  2 worms (D:2)
  3 leopard geckos
  14 orcs
  2 ball pythons
  6 giant cockroaches
  2 gnoll zombies (D:2)
  9 goblins
  8 hobgoblins
  14 jackals
  3 kobolds
  4 quokkas
  4 bats
  8 frilled lizards
  2 leopard gecko skeletons
  2 quokka skeletons (D:4)
  A quokka zombie (D:1)
  9 rats
154 creatures vanquished.

Vanquished Creatures (collateral kills)
  A water moccasin (D:6)
  A phantom (D:6)
  A gnoll shaman (D:7)
  A jelly (D:6)
  2 gnolls (D:7)
  An orc (D:7)
7 creatures vanquished.

Grand Total: 161 creatures vanquished

Notes
Turn   | Place    | Note
-------+----------+-------------------------------------------
     0 | D:1      | Folque the Octopode Wizard began the quest for the Orb.
     0 | D:1      | Reached XP level 1. HP: 11/11 MP: 4/4
   209 | D:1      | Reached skill level 1 in Fighting
   233 | D:1      | Reached XP level 2. HP: 11/18 MP: 6/6
   843 | D:1      | Reached XP level 3. HP: 19/24 MP: 7/7
   854 | D:1      | Learned a level 2 spell: Call Imp
   857 | D:1      | Learned a level 2 spell: Blink
   861 | D:1      | Learned a level 3 spell: Mephitic Cloud
  1401 | D:2      | Found a sparkling altar of Nemelex Xobeh.
  1518 | D:2      | Reached skill level 1 in Poison Magic
  1804 | D:2      | Found a bloodstained altar of Trog.
  1857 | D:2      | Reached XP level 4. HP: 29/29 MP: 9/9
  1895 | D:2      | Found a basalt altar of Yredelemnul.
  2120 | D:3      | Found an iron altar of Okawaru.
  2253 | D:3      | Noticed an earth elemental
  2341 | D:3      | Found a stormy altar of Qazlal.
  2343 | D:3      | Noticed an air elemental
  2344 | D:3      | Noticed a water elemental
  2344 | D:3      | Noticed a fire elemental
  2726 | D:4      | Noticed an ogre
  2753 | D:4      | Killed an ogre
  2753 | D:4      | Reached skill level 2 in Conjurations
  2753 | D:4      | Reached XP level 5. HP: 34/34 MP: 7/11
  2788 | D:4      | Found a glowing silver altar of Zin.
  2810 | D:4      | Found a shattered altar of Ashenzari.
  3058 | D:4      | Reached XP level 6. HP: 32/39 MP: 9/12
  3072 | D:4      | Reached skill level 3 in Conjurations
  3364 | D:5      | Entered Level 5 of the Dungeon
  3420 | D:5      | Reached skill level 4 in Conjurations
  3426 | D:5      | Found Cang's Magic Scroll Shoppe.
  3434 | D:5      | Bought a scroll of teleportation for 39 gold pieces
  3503 | D:5      | Reached XP level 7. HP: 27/45 MP: 5/14
  3581 | D:5      | Found Nodeir's General Store.
  3581 | D:5      | Found an ancient bone altar of Kikubaaqudgha.
  3581 | D:5      | Noticed Blork the orc
  3594 | D:5      | Killed Blork the orc
  3617 | D:5      | Found a sacrificial altar of Ru.
  3617 | D:5      | Found a glowing golden altar of the Shining One.
  3625 | D:5      | Reached skill level 5 in Conjurations
  3690 | D:5      | Bought a potion of curing for 42 gold pieces
  3703 | D:5      | Found a staircase to the Ecumenical Temple.
  3710 | Temple   | Entered the Ecumenical Temple
  3756 | Temple   | Became a worshipper of Sif Muna the Loreminder
  3820 | D:5      | Reached skill level 5 in Spellcasting
  3836 | D:5      | Found Byuq's Magic Scroll Shop.
  4120 | D:5      | Found Halaadad's Book Shop.
  4120 | D:5      | Found Canudwop's Gadget Shoppe.
  4181 | D:5      | Found a shimmering altar of Xom.
  4182 | D:5      | Found a hazy altar of Hepliaklqana.
  4182 | D:5      | Noticed a tentacled monstrosity
  4183 | D:5      | Noticed a spectral ugly thing
  4183 | D:5      | Noticed a tentacled monstrosity
  4439 | D:6      | Reached skill level 6 in Conjurations
  4439 | D:6      | Reached XP level 8. HP: 45/50 MP: 16/16
  4859 | D:6      | Reached skill level 7 in Conjurations
  5091 | D:7      | Reached * piety under Sif Muna
  5105 | D:7      | Noticed a hippogriff
  5195 | D:7      | Noticed a hippogriff
  5241 | D:7      | Killed a hippogriff
  5278 | D:6      | Reached skill level 8 in Conjurations
  5382 | D:7      | Killed a hippogriff
  5382 | D:7      | Reached XP level 9. HP: 30/54 MP: 1/18
  5409 | D:6      | Reached ** piety under Sif Muna
  5827 | D:7      | Reached skill level 9 in Conjurations
  6268 | D:8      | Noticed Psyche
  6290 | D:8      | Killed Psyche
  6484 | D:8      | Noticed a two-headed ogre
  6499 | D:8      | HP: 1/54 [two-headed ogre/giant club (23)]
  6500 | D:8      | Demolished by a two-headed ogre

Skill      XL: |  1  2  3  4  5  6  7  8  9 |
---------------+----------------------------+-----
Fighting       | 1 2 |  2.0
Poison Magic   | 1 3 |  3.6
Spellcasting   | 4 5 6 7 |  7.2
Conjurations   | 2 4 6 8 9 |  9.8
Dodging        | |  2.0
Stealth        | |  2.6
Summonings     | |  1.0
Translocations | |  1.0

Action                   |  1- 3 |  4- 6 |  7- 9 || total
-------------------------+-------+-------+-------++-------
Melee: Unarmed           |    15 |       |       ||    15
       Whip              |    78 |       |       ||    78
       Constrict         |    30 |    31 |    55 ||   116
       Tentacles         |    16 |    23 |    40 ||    79
       Dagger            |     9 |   111 |   186 ||   306
       Flail             |       |       |    53 ||    53
 Cast: Magic Dart        |     2 |     2 |    17 ||    21
       Call Imp          |     3 |     3 |    16 ||    22
       Mephitic Cloud    |       |     8 |    25 ||    33
       Blink             |       |     2 |    13 ||    15
Invok: Divine Energy     |       |       |     1 ||     1
  Use: Scroll            |     5 |     4 |     1 ||    10
 Stab: Sleeping          |    13 |     8 |     4 ||    25
       Distracted        |       |     2 |     2 ||     4
       Confused          |       |     4 |     7 ||    11
  Eat: Chunk             |     3 |     6 |    10 ||    19
Armor: Skin              |     4 |     8 |    12 ||    24
Dodge: Dodged            |    53 |    57 |   131 ||   241
